[Event "EIWCC 2018"]
[Site "Vysoke Tatry"]
[Date "2018.04.08"]
[Round "1"]
[White "Gaponenko, Inna"]
[Black "Zherebtsova, Alexandra"]
[Result "1/2-1/2"]
[ECO "C68"]
[WhiteElo "2406"]
[BlackElo "2202"]
[Annotator "RC"]
[PlyCount "137"]
[EventDate "2018.??.??"]
[EventType "swiss"]
[EventCountry "SVK"]
[SourceTitle "playchess.com"]
[Source "ChessBase"]
[SourceQuality "1"]
[TimeControl "40/5400+30:1800+30"]

1. e4 e5 2. Nf3 Nc6 3. Bb5 a6 4. Bxc6 dxc6 5. Nc3 Qd6 6. d4 exd4 7. Qxd4 Bg4 8. Be3 Bxf3 9. gxf3 Qxd4 10. Bxd4 O-O-O 11. O-O-O Ne7 12. f4 f5 13. f3 Ng6 14. exf5 Nxf4 15. Be5 Nh5 16. Rxd8+ Kxd8 17. Rd1+ Kc8 18. Ne4 Be7 19. Bxg7 Nxg7 20. f6 Bf8 21. fxg7 Bxg7 22. c3 Be5 23. h3 Rg8 24. Kc2 b6 25. Kd3 Rg2 26. Rd2 Rg1 27. Re2 Bf4 28. Nf6 Rh1 29. Ke4 Bd6 30. Nxh7 Rxh3 31. Nf6 Be7 32. Ng4 Rg3 33. Ne3 Rg8 34. f4 Kd7 35. Kf3 Bd6 36. Nc4 Rf8 37. Ne5+ Bxe5 38. Rxe5 Kd6 39. Kg4 Rg8+ 40. Rg5 Re8 41. Rg6+ Kd5 42. Rg5+ Kd6 43. Kf3 Re1 44. Rg2 Rf1+ 45. Rf2 Ra1 46. Re2 Rxa2 47. f5 Ra1 48. Kg4 Rf1 49. Kg5 Kc5 50. f6 Kc4 51. Re4+ Kb3 52. Rf4 Rg1+ 53. Kf5 Rg8 54. Rf2 a5 55. Ke6 a4 56. f7 Rh8 57. Kd7 c5 58. Kxc7 b5 59. Kb6 b4 60. Kxc5 bxc3 61. bxc3 Rf8 62. c4 a3 63. Rf3+ Kb2 64. Rf2+ Kb3 65. Rf3+ Kb2 66. Kd6 a2 67. Rf2+ Kb3 68. Rxa2 Rxf7 69. Rh2 1/2-1/2

[Event "EIWCC 2018"]
[Site "Vysoke Tatry"]
[Date "2018.04.08"]
[Round "1"]
[White "Mkrtchian, Lilit"]
[Black "Ptacnikova, Lenka"]
[Result "1/2-1/2"]
[ECO "A06"]
[WhiteElo "2403"]
[BlackElo "2198"]
[Annotator "NA RC"]
[PlyCount "76"]
[EventDate "2018.??.??"]
[EventType "swiss"]
[EventCountry "SVK"]
[SourceTitle "playchess.com"]
[Source "ChessBase"]
[SourceQuality "1"]
[TimeControl "40/5400+30:1800+30"]

1. Nf3 d5 2. e3 Nf6 3. c4 e6 4. b3 Be7 5. Bb2 O-O 6. Nc3 b6 7. d4 Bb7 8. Bd3 dxc4 9. bxc4 c5 10. O-O cxd4 11. exd4 Nc6 12. Qe2 Nb4 {[%emt 0:09:56] E14: Queen's Indian: Classical Variation (4 e3)} 13. Rfd1 (13. Bb1 Bxf3 14. gxf3 Re8 15. Rd1 Qc7 16. a3 Nc6 17. d5 exd5 18. Nxd5 Qc8 19. Qd3 Qh3 20. Bc2 Nxd5 21. cxd5 {½-½ (38) Frey Beckman,K (2384)-Herrera Ortiz,M (2309) Mexico City 2017}) 13... Nxd3 14. Rxd3 Ba6 $146 ({Predecessor:} 14... Rc8 15. Ne5 Nd7 16. Nxd7 Qxd7 17. d5 Bf6 18. Rg3 Kh8 19. Rd1 exd5 20. Nxd5 Bxb2 21. Qxb2 {½-½ (44) Schmidt,G (2165)-Nitsche,D (2210) Bayern 1997}) 15. Nb5 Bxb5 16. cxb5 a6 17. Rb3 axb5 18. Qxb5 Nd5 19. Ne5 Ra5 20. Qc6 Qa8 21. a3 Rc8 22. Qxa8 $17 Raxa8 23. Kf1 h5 24. Rc1 Rxc1+ 25. Bxc1 Rc8 26. Bb2 Rc2 27. g3 g5 28. h3 Kg7 29. Ke1 Bd6 30. Nf3 f6 31. Nd2 Kg6 32. Kd1 Rc8 33. Ne4 Bc7 34. Nc3 Ne7 35. Nb5 Bb8 36. Nc3 Bc7 37. Nb5 Bb8 38. Nc3 Bc7 1/2-1/2

[Event "EIWCC 2018"]
[Site "Vysoke Tatry"]
[Date "2018.04.08"]
[Round "1"]
[White "Arabidze, Meri"]
[Black "Ghukasyan, Siranush"]
[Result "1/2-1/2"]
[ECO "D31"]
[WhiteElo "2393"]
[BlackElo "2195"]
[Annotator "NA RC"]
[PlyCount "97"]
[EventDate "2018.??.??"]
[EventType "swiss"]
[EventCountry "SVK"]
[SourceTitle "playchess.com"]
[Source "ChessBase"]
[SourceQuality "1"]
[TimeControl "40/5400+30:1800+30"]

1. d4 d5 2. c4 e6 3. Nc3 Be7 4. cxd5 exd5 5. Bf4 c6 6. e3 Bf5 7. g4 Be6 8. h4 Bxh4 9. Qb3 g5 10. Be5 f6 11. Bxb8 Rxb8 12. Nf3 Bxg4 13. Nxh4 gxh4 14. Be2 f5 15. O-O-O Qe7 16. Qa4 Bxe2 17. Qxa7 $11 Rc8 18. Nxe2 Nh6 19. Nf4 Ng4 20. Nd3 O-O 21. Qc5 Qf6 22. Rh3 Rf7 23. Rdh1 Qe6 24. Qc2 c5 25. dxc5 b6 26. Rxh4 bxc5 27. Nf4 Qe4 28. Qd1 Ra8 29. Qxd5 Qxd5 30. Nxd5 Rxa2 31. Kb1 Raa7 32. e4 Nxf2 33. Rg1+ Kf8 34. e5 Ne4 35. Rf4 Ra6 36. Ne3 Re6 37. Nc4 Rg6 38. Rd1 Ke7 39. Rf3 Rg3 40. Rff1 h5 41. Nd6 Nxd6 42. exd6+ Kd7 43. Rd5 f4 44. Rxc5 Kxd6 45. Rxh5 f3 46. Kc2 Rg2+ 47. Kc3 f2 48. Kd2 Rb7 49. Kc2 1/2-1/2

[Event "EIWCC 2018"]
[Site "Vysoke Tatry"]
[Date "2018.04.08"]
[Round "1"]
[White "Sliwicka, Alicja"]
[Black "Kejzar, Petra"]
[Result "0-1"]
[ECO "B47"]
[WhiteElo "2329"]
[BlackElo "2071"]
[Annotator "RC"]
[PlyCount "146"]
[EventDate "2018.??.??"]
[EventType "swiss"]
[EventCountry "SVK"]
[SourceTitle "playchess.com"]
[Source "ChessBase"]
[SourceQuality "1"]
[TimeControl "40/5400+30:1800+30"]

1. e4 c5 2. Nf3 e6 3. d4 cxd4 4. Nxd4 Nc6 5. Nc3 Qc7 6. Be2 a6 7. O-O b5 8. Be3 Nf6 9. a3 Bb7 10. f4 d6 11. Qe1 h5 12. Bf3 Be7 13. a4 b4 14. Na2 Nxd4 15. Bxd4 e5 16. Bf2 a5 17. c3 b3 18. Nc1 Qc4 19. Be2 Qxe4 20. Bb5+ Kf8 21. Qxe4 Nxe4 22. fxe5 dxe5 23. Nxb3 Nxf2 24. Rxf2 Rh6 25. Rf5 Rg6 26. g3 h4 27. Rh5 Kg8 28. Bd3 e4 29. Be2 hxg3 30. hxg3 Rxg3+ 31. Kf2 Rg5 32. Rxg5 Bxg5 33. Nc5 e3+ 34. Kg3 Bc8 35. Ne4 Bh6 36. b4 f5 37. Bc4+ Kh7 38. Nd6 Bd7 39. Bd3 g6 40. b5 Bf8 41. Nc4 Bc5 42. Re1 Rf8 43. Nxa5 f4+ 44. Kf3 Kg7 45. Nb7 Be7 46. a5 g5 47. a6 g4+ 48. Ke2 g3 49. Kf3 Kh6 50. a7 Kg5 51. Ra1 Bg4+ 52. Kg2 Rh8 53. a8=Q f3+ 54. Kg1 f2+ 55. Kg2 Rxa8 56. Rxa8 e2 57. Bxe2 Bxe2 58. Ra1 Kf4 59. Na5 Bc5 60. Ra4+ Ke3 61. Nc4+ Kd3 62. Ne5+ Kxc3 63. Ra1 Bd6 64. Nf7 Bf4 65. Nd8 Kc2 66. Nc6 Kd3 67. b6 Ke3 68. Ra3+ Bd3 69. Ra1 Be4+ 70. Kh3 Bxc6 71. Ra3+ Ke2 72. Ra2+ Bd2 73. Ra1 g2 0-1

[Event "EIWCC 2018"]
[Site "Vysoke Tatry"]
[Date "2018.04.08"]
[Round "1"]
[White "Charochkina, Daria"]
[Black "Palma, Maria"]
[Result "1-0"]
[ECO "A34"]
[WhiteElo "2326"]
[BlackElo "2060"]
[Annotator "NA RC"]
[PlyCount "57"]
[EventDate "2018.??.??"]
[EventType "swiss"]
[EventCountry "SVK"]
[SourceTitle "playchess.com"]
[Source "ChessBase"]
[SourceQuality "1"]
[TimeControl "40/5400+30:1800+30"]

1. c4 Nf6 2. Nc3 c5 3. Nf3 d5 4. cxd5 Nxd5 5. Qa4+ Nc6 6. Ne5 Ndb4 7. a3 Nc2+ 8. Qxc2 Nxe5 9. g3 Bd7 10. Bg2 Bc6 11. O-O Bxg2 12. Kxg2 e6 13. Qe4 Nc6 14. d3 Be7 15. Be3 Rc8 16. Rac1 O-O $11 17. Rfd1 e5 18. Nd5 b6 19. d4 exd4 20. Bxd4 Bg5 21. Bc3 Bxc1 22. Nf6+ gxf6 23. Rxd8 Rfxd8 24. Bxf6 Kf8 25. Qxh7 Ke8 26. Qg8+ Kd7 27. Qxf7+ Kd6 28. Qc4 Bh6 29. Qd3+ {[%emt 0:00:22] Kd5} 1-0

[Event "EIWCC 2018"]
[Site "Vysoke Tatry"]
[Date "2018.04.08"]
[Round "1"]
[White "Theissl Pokorna, Regina"]
[Black "Trisha, Kanyamarala"]
[Result "1-0"]
[ECO "B13"]
[WhiteElo "2320"]
[BlackElo "2031"]
[Annotator "NA RC"]
[PlyCount "79"]
[EventDate "2018.??.??"]
[EventType "swiss"]
[EventCountry "SVK"]
[SourceTitle "playchess.com"]
[Source "ChessBase"]
[SourceQuality "1"]
[TimeControl "40/5400+30:1800+30"]

1. e4 c6 2. d4 d5 3. exd5 cxd5 4. c4 Nf6 5. Nc3 Nc6 6. Bg5 e6 7. Nf3 Be7 8. c5 O-O 9. Bb5 Ne4 10. Bxe7 Nxe7 11. Rc1 Bd7 {[%emt 0:14:10] B14: Caro-Kann: Panov-Botvinnik Attack with 5...e6 and 5...g6} (11... b6 12. c6 Qd6 13. O-O a6 14. Bd3 Nxc6 15. Nxe4 dxe4 16. Bxe4 Bb7 17. d5 exd5 18. Qxd5 Rad8 19. Rxc6 Qxd5 20. Bxd5 {½-½ (33) Naiditsch,A (2712)-Rodshtein,M (2645) Porto Carras 2011}) 12. Bd3 f5 13. O-O Nc6 14. a3 $146 ({Predecessor:} 14. Bb5 Rb8 15. Qe2 Be8 16. Bxc6 bxc6 17. Ne5 Rb4 18. f3 Nxc3 19. bxc3 {1-0 (41) Hendriks,W (2431)-Brendel,O (2386) Germany 2010}) 14... Be8 15. Be2 Qf6 16. Qd3 g5 17. Rcd1 Bg6 18. Ne1 {[%emt 0:09:40] [#]} f4 $1 19. Nxe4 $17 dxe4 20. Qc3 Rad8 21. Bc4 Rfe8 22. Nc2 Kg7 23. b4 Ne7 24. b5 Rc8 25. Qb3 Nf5 26. Rfe1 e5 27. dxe5 Qxe5 28. Rd5 Qe7 29. c6 bxc6 30. bxc6 Rc7 31. Qc3+ Qf6 32. Rd7+ Rxd7 33. Qxf6+ Kxf6 34. cxd7 Rd8 35. Rd1 Ke7 36. Bb5 Bf7 37. Nb4 a6 38. Nc6+ Kf8 39. Nxd8 axb5 40. Nxf7 1-0

[Event "EIWCC 2018"]
[Site "Vysoke Tatry"]
[Date "2018.04.08"]
[Round "1"]
[White "Chernyak, Viktoria"]
[Black "Szczepkowska, Karina"]
[Result "0-1"]
[ECO "D41"]
[WhiteElo "2196"]
[BlackElo "2403"]
[Annotator "NA RC"]
[PlyCount "82"]
[EventDate "2018.??.??"]
[EventType "swiss"]
[EventCountry "SVK"]
[SourceTitle "playchess.com"]
[Source "ChessBase"]
[SourceQuality "1"]
[TimeControl "40/5400+30:1800+30"]

1. Nf3 Nf6 2. c4 e6 3. Nc3 d5 4. d4 c5 5. cxd5 exd5 6. Bg5 Be6 7. dxc5 {[%emt 0:02:18] D32: Tarrasch Defence: Sidelines and lines without g3} (7. e3 c4 8. Be2 Nc6 9. O-O Bb4 10. Ne5 Bxc3 11. bxc3 h6 12. Bxf6 Qxf6 13. f4 Bf5 14. Bf3 Qd6 15. e4 dxe4 16. Nxc4 {1-0 (28) Vallejo Pons,F (2708)-Roy,P (2300) Pattaya 2015}) 7... Bxc5 8. e3 O-O 9. Bd3 Nc6 10. O-O h6 11. Bh4 Be7 12. Rc1 Rc8 13. Bb1 $146 ({Predecessor:} 13. a3 Bg4 14. Bb1 Ne5 15. Bxf6 Bxf6 16. Qc2 g6 17. Nd4 Nc6 18. Nxc6 bxc6 {1-0 (50) Garcia Gil,J (2193)-Asensio Linan,T (2181) Spain 2000}) 13... a6 14. Qd3 g6 15. Rfd1 Qa5 16. Ne2 Bg4 17. Ned4 Qb6 18. Nxc6 bxc6 19. Qd4 c5 20. Qd2 Rfd8 21. h3 {[%emt 0:02:57] [#]} Ne4 $19 22. Bxe7 Nxd2 23. Bxd8 Qxd8 24. Rxd2 Bxf3 25. gxf3 d4 26. f4 Qa5 27. Rcd1 dxe3 28. fxe3 c4 29. Kf2 Kg7 30. Rd7 Rb8 31. R7d2 Qh5 32. Rh1 Qh4+ 33. Kf3 Qf6 34. Rd4 Qe6 35. Rh2 Re8 36. e4 Qb6 37. Rd1 Rd8 38. Rc1 Rd4 39. Re2 Qd8 40. Rc3 Qh4 41. Rh2 Rd1 0-1

[Event "EIWCC 2018"]
[Site "Vysoke Tatry"]
[Date "2018.04.08"]
[Round "1"]
[White "Richterova, Natasa"]
[Black "Hoolt, Sarah"]
[Result "0-1"]
[ECO "A46"]
[WhiteElo "2181"]
[BlackElo "2393"]
[Annotator "NA RC"]
[PlyCount "74"]
[EventDate "2018.??.??"]
[EventType "swiss"]
[EventCountry "SVK"]
[SourceTitle "playchess.com"]
[Source "ChessBase"]
[SourceQuality "1"]
[TimeControl "40/5400+30:1800+30"]

1. d4 Nf6 2. Nf3 e6 3. g3 c5 4. Bg2 Nc6 5. O-O d5 6. c4 cxd4 7. cxd5 Nxd5 8. Nxd4 Be7 9. Nxc6 bxc6 10. e4 Nb4 11. Qxd8+ Bxd8 12. Nc3 e5 13. Rd1 Bg4 14. f3 ({White should play} 14. Rd2 $11) 14... Bb6+ 15. Kh1 Be6 16. a3 $17 (16. Bf1 $15) 16... Nc2 17. Rb1 Bb3 18. f4 f6 19. fxe5 fxe5 20. Bh3 Nd4 21. Rf1 Bc2 22. Ra1 Nb3 23. Ra2 Rf8 24. Bf5 g6 25. Bh6 gxf5 26. Bxf8 Kxf8 27. Rxf5+ Kg8 28. Rxe5 Rf8 29. Kg2 Bd3 30. Rg5+ Kh8 31. g4 Bf1+ 32. Kh1 Rf2 33. h4 Bg2+ 34. Kh2 Bxe4+ 35. Kg3 Rf3+ 36. Kh2 Bd3 37. a4 Bf1 0-1

[Event "EIWCC 2018"]
[Site "Vysoke Tatry"]
[Date "2018.04.08"]
[Round "1"]
[White "Petrenko, Svetlana"]
[Black "Milliet, Sophie"]
[Result "1/2-1/2"]
[ECO "A21"]
[WhiteElo "2178"]
[BlackElo "2391"]
[Annotator "NA RC"]
[PlyCount "95"]
[EventDate "2018.??.??"]
[EventType "swiss"]
[EventCountry "SVK"]
[SourceTitle "playchess.com"]
[Source "ChessBase"]
[SourceQuality "1"]
[TimeControl "40/5400+30:1800+30"]

1. c4 e5 2. Nc3 d6 3. g3 f5 4. Bg2 Nf6 5. d3 Be7 6. Nf3 O-O 7. O-O c6 8. e4 {[%emt 0:03:28] A21: English Opening: 1...e5 2 Nc3} (8. Rb1 Na6 9. b4 Nc7 10. a4 a6 11. a5 Kh8 12. Na4 Be6 13. Nb6 Rb8 14. Bb2 f4 15. Qc2 Qe8 16. c5 Qh5 17. cxd6 Bxd6 {0-1 (58) Pantsulaia,L (2612)-Adhiban,B (2655) Riadh 2017}) 8... Kh8 $146 ({Predecessor:} 8... Qe8 9. d4 fxe4 10. Ng5 exd4 11. Qxd4 c5 12. Qd1 Nc6 13. Ngxe4 Nd4 14. Be3 Nf5 15. Bf4 Be6 {0-1 (41) Klink,T (2134)-Rigo,J (2314) Dortmund 2004}) 9. Nh4 fxe4 10. dxe4 Bg4 11. Qc2 Qd7 12. f4 exf4 13. Bxf4 Qe6 14. b3 Nbd7 15. Nf5 Ne5 16. h3 Bh5 17. g4 Bg6 18. Rad1 h5 19. Nxe7 Qxe7 20. g5 $14 Nh7 21. Qd2 Rad8 22. Qe3 Rfe8 23. h4 a6 24. Qg3 Nf8 25. c5 Kg8 26. Bh3 Bf7 27. Rxd6 Rxd6 28. Bxe5 Rd3 29. Qxd3 Qxe5 30. b4 Be6 31. Bxe6+ Qxe6 32. Qf3 Ng6 33. Qxh5 Qe5 34. Rf3 Rf8 35. Rxf8+ Nxf8 36. Qf3 Ng6 37. Ne2 Nxh4 38. Qf4 Qxg5+ 39. Qxg5 Nf3+ 40. Kf2 Nxg5 41. Ke3 Ne6 42. Ng3 Kf7 43. Nf5 Kf6 44. Nd6 Nd8 45. Kf4 Ne6+ 46. Ke3 Nd8 47. Kf4 Ne6+ 48. Ke3 1/2-1/2

[Event "EIWCC 2018"]
[Site "Vysoke Tatry"]
[Date "2018.04.08"]
[Round "1"]
[White "Huda, Maryana"]
[Black "Kovanova, Baira"]
[Result "1/2-1/2"]
[ECO "A05"]
[WhiteElo "2161"]
[BlackElo "2368"]
[Annotator "NA RC"]
[PlyCount "68"]
[EventDate "2018.??.??"]
[EventType "swiss"]
[EventCountry "SVK"]
[SourceTitle "playchess.com"]
[Source "ChessBase"]
[SourceQuality "1"]
[TimeControl "40/5400+30:1800+30"]

1. Nf3 Nf6 2. g3 e6 3. Bg2 d5 4. d4 Be7 5. c4 O-O 6. O-O c6 7. b3 b6 8. Ne5 Bb7 9. Bb2 Nbd7 10. Nd2 Rc8 11. e4 dxc4 12. Ndxc4 b5 13. Nxd7 Qxd7 14. Ne5 Qd8 15. Qe2 Qb6 16. Rfd1 c5 17. Ng4 (17. d5 $16) 17... c4 $14 18. Rac1 Rfd8 19. d5 exd5 20. Nxf6+ Bxf6 21. Bxf6 Qxf6 22. exd5 Ba6 23. bxc4 bxc4 24. Qe3 c3 25. Qxa7 c2 26. Re1 Re8 27. Rxe8+ Rxe8 28. Bf1 Bxf1 29. Qa4 Qe5 30. Kxf1 h5 31. Qxc2 Qxd5 32. Qc6 Qd3+ 33. Kg2 Re2 34. Qf3 Qxf3+ 1/2-1/2